 Dungeon Crawl Stone Soup version 0.23-a0-315-ga85b81c (webtiles) character file.

3130 Dissent the Cudgeler (level 9, -10/69 HPs)
             Began as a Mummy Wanderer on Oct 13, 2018.
             Was an Initiate of Gozag.
             Killed from afar by a steam dragon (18 damage)
             ... with a ball of steam
             ... on level 7 of the Dungeon.
             The game lasted 00:20:29 (7023 turns).

Dissent the Cudgeler (Mummy Wanderer)               Turns: 7023, Time: 00:20:29

Health: -10/69     AC:  7    Str: 18    XL:     9   Next: 61%
Magic:  13/13      EV: 12    Int: 12    God:    Gozag
Gold:   179        SH:  0    Dex: 11    Spells: 12/14 levels left

rFire    x . .     SeeInvis .   s - +0 morningstar
rCold    + . .     Gourm    .   (no shield)
rNeg     + + +     Faith    .   m - +0 troll leather armour {Purgy}
rPois    ∞         Spirit   .   l - +0 helmet
rElec    .         Reflect  .   (no cloak)
rCorr    .         Harm     .   f - +1 pair of gloves
MR       +....                  (no boots)
Stlth    ++........             (no amulet)
HPRegen  0.61/turn              n - ring of flight
MPRegen  0.13/turn              b - ring of stealth

@: marked, very slightly contaminated
A: no food or potions, fire vulnerability, cold resistance 1, negative energy
resistance 3, torment resistance, unbreathing
a: Potion Petition, Call Merchant, Bribe Branch, Renounce Religion, Evoke Flight


You were on level 7 of the Dungeon.
You worshipped Gozag.
Gozag was aware of your devotion.
You were not hungry.

You visited 2 branches of the dungeon, and saw 8 of its levels.
You also visited: Sewer.

You collected 898 gold pieces.
You paid 719 gold pieces to Gozag.

Inventory:

Hand Weapons
 s - a +0 morningstar (weapon)
   (You took it off an orc on level 5 of the Dungeon)
Armour
 f - a +1 pair of gloves (worn)
   (You found it on level 1 of the Dungeon)
 l - a +0 helmet (worn)
   (You found it on level 3 of the Dungeon)
 m - a +0 troll leather armour (worn) {Purgy}
   (You found it in a sewer)
Jewellery
 b - a ring of stealth (right hand)
   (You found it on level 5 of the Dungeon)
 n - a ring of flight (left hand)
   (You found it on level 4 of the Dungeon)
 v - the ring of Trepidation {rF- rC+ Dex+8}
   (You found it on level 6 of the Dungeon)

   [ring of protection from cold]

   It affects your dexterity (+8).
   It makes you vulnerable to fire.
   It protects you from cold.
Wands
 d - a wand of iceblast (10)
   (You found it on level 2 of the Dungeon)
 r - a wand of polymorph (2)
   (You took it off Grinder on level 6 of the Dungeon)
 t - a wand of flame (14)
   (You took it off Natasha in the Ecumenical Temple)
 u - a wand of paralysis (1)
Scrolls
 a - a scroll of amnesia
 c - 2 scrolls of teleportation {@r4}
 e - a scroll of enchant armour
 h - 4 scrolls of identify {@r1}
 i - 4 scrolls of blinking
 j - a scroll of immolation {!r}
 k - a scroll of random uselessness
 o - a scroll of enchant weapon
 p - a scroll of remove curse {@r2}
 q - 3 scrolls of fog {unknown}


   Skills:
 - Level 6.2 Fighting
 + Level 7.0(7.3) Maces & Flails
   Level 2.2(3.0) Polearms
   Level 3.0(5.6) Staves
   Level 1.5 Crossbows
 - Level 2.0 Armour
 - Level 3.0 Dodging
 - Level 1.0 Stealth
 - Level 3.1 Spellcasting
 - Level 2.0 Necromancy
 - Level 4.0 Evocations


You had 12 spell levels left.
You knew the following spells:

 Your Spells              Type           Power        Failure   Level  Hunger
a - Pain                  Necr           #...         12%         1    N/A
u - Animate Skeleton      Necr           N/A          12%         1    N/A

Your spell library contained the following spells:

 Spells                   Type           Power        Failure   Level  Hunger
 Apportation              Tloc           #.....       28%         1    N/A
 Confusing Touch          Hex            #.....       28%         1    N/A
 Summon Small Mammal      Summ           #...         28%         1    N/A
 Vampiric Draining        Necr           #.........   36%         3    N/A
 Animate Dead             Necr           N/A          77%         4    N/A
 Regeneration             Chrm/Necr      Unusable     N/A         3    N/A

Dungeon Overview and Level Annotations

Branches:
Dungeon (7/15)             Temple (1/1) D:4

Altars:
Ashenzari
Cheibriados
Dithmenos
Elyvilon
Fedhas
Gozag
Kikubaaqudgha
Makhleb
Nemelex Xobeh
Okawaru
Qazlal
Ru
Sif Muna
Trog
Uskayaw
Vehumet
Wu Jian
Xom
Yredelemnul
Zin
The Shining One

Shops:
D:7 *

Annotations:
D:7 Harold


Innate Abilities, Weirdness & Mutations

You do not eat or drink.
Your flesh is vulnerable to fire.
You are immune to poison.
Your flesh is cold resistant. (rC+)
You are immune to negative energy. (rN+++)
You are immune to unholy pain and torment.
You can survive without breathing.


Message History

You hit the iguana but do no damage. The adder zombie barely misses you.
The giant cockroach bites you but does no damage.
The iguana bites you!
* * * LOW HITPOINT WARNING * * *
Harold barely misses you. The adder zombie misses you.
As you read the scroll of fear, it crumbles to dust.
You assume a fearsome visage.
Harold easily resists.
The shadow imp is unaffected.
The howler monkey looks frightened!
The giant cockroach looks frightened!
The adder zombie is unaffected.
The water moccasin looks frightened!
The iguana looks frightened!
The bullfrog skeleton is unaffected.
The adder zombie bites you but does no damage.
Harold barely misses you.
A killer bee comes into view.
The bullfrog skeleton barely misses you.
The bullfrog skeleton hits you.
* * * LOW HITPOINT WARNING * * *
A killer bee comes into view. x2
A killer bee comes into view.
The killer bee stings you but does no damage.
A killer bee comes into view.
The killer bee stings you.
* * * LOW HITPOINT WARNING * * *
The killer bee stings you.
* * * LOW HITPOINT WARNING * * *
The bullfrog skeleton hits you.
* * * LOW HITPOINT WARNING * * *
Blink to where?
You are very lightly contaminated with residual magic.
As you read the scroll of blinking, it crumbles to dust.
As you read the scroll of teleportation {@r4}, it crumbles to dust.
You feel strangely unstable. The killer bee stings you.
* * * LOW HITPOINT WARNING * * *
Unknown command.
Your surroundings suddenly seem different.
Unknown command.
Aim: a water moccasin (chance to defeat MR: 58%)
The water moccasin resists with significant effort.
The water moccasin bites you but does no damage.
You barely miss the water moccasin. The water moccasin bites you.
* * * LOW HITPOINT WARNING * * *
Aim: a water moccasin (chance to defeat MR: 58%)
The water moccasin evaporates and reforms as a steam dragon!
The howler monkey seems to regain its courage.
The steam dragon breathes steam at you. The ball of steam hits you!
The steam scalds you terribly!
You die...
Your body crumbles into a pile of gold.

...............
....h..........
..............#
..............#
.............#
............###
...............
......D@.......
..........#....
........##... .
......... ....
.................
...
...................
..
...................
.
...................#
...........h....


You could see a steam dragon and a howler monkey.

Vanquished Creatures
  A harpy (D:7)
  Joseph (D:7)
  Grinder (D:6)
  Sigmund (D:4)
  2 ice beasts
  2 sky beasts (D:6)
  2 centaurs
  3 ogres
  A bullfrog (D:5)
  A scorpion (D:6)
  7 killer bees
  A bullfrog zombie (D:5)
  A crimson imp (D:5)
  A hound (D:7)
  A centaur skeleton (D:4)
  6 iguanas
  4 worker ants
  Natasha (thrice) (D:4 Temple)
  11 gnolls
  10 adders
  A howler monkey skeleton (D:4)
  A shadow imp (D:6)
  2 adder zombies (D:5)
  An adder skeleton (D:5)
  3 worms
  5 dart slugs
  2 leopard geckos (D:4)
  12 orcs
  4 ball pythons
  3 giant cockroaches
  5 goblins
  4 hobgoblins
  3 jackals (D:6)
  3 bats
  9 frilled lizards
  A giant cockroach zombie (D:6)
  3 kobolds
  A quokka zombie (D:6)
  4 rats
127 creatures vanquished.

Vanquished Creatures (collateral kills)
  Purgy (Sewer)
  An orc (D:3)
  A bat (D:3)
3 creatures vanquished.

Grand Total: 130 creatures vanquished

Notes
Turn   | Place    | Note
-------+----------+-------------------------------------------
     0 | D:1      | Dissent the Mummy Wanderer began the quest for the Orb.
     0 | D:1      | Dissent set off with: a +0 quarterstaff, a scroll of
                  | teleportation {@r4}, a +0 robe, a wand of paralysis (15)
     0 | D:1      | Reached XP level 1. HP: 16/16 MP: 2/2
   292 | D:1      | Reached XP level 2. HP: 22/23 MP: 3/3
  1295 | D:2      | Reached XP level 3. HP: 22/28 MP: 4/4
  1831 | D:3      | Reached XP level 4. HP: 26/35 MP: 5/5
  1840 | D:3      | Learned a level 1 spell: Animate Skeleton
  2162 | D:3      | Found a glowing drain.
  2167 | Sewer    | Entered a sewer
  2180 | Sewer    | Reached skill level 1 in Necromancy
  2213 | Sewer    | Noticed Purgy
  2216 | Sewer    | Learned a level 1 spell: Pain
  2228 | Sewer    | Killed Purgy
  2228 | Sewer    | Reached XP level 5. HP: 10/41 MP: 5/7
  2717 | D:4      | Noticed Sigmund
  2931 | D:4      | Noticed Natasha
  2936 | D:4      | Killed Natasha
  2936 | D:4      | Reached XP level 6. HP: 45/47 MP: 8/8
  2958 | D:4      | Found a staircase to the Ecumenical Temple.
  2967 | Temple   | Entered the Ecumenical Temple
  3212 | Temple   | Became a worshipper of Gozag Ym Sagoz the Greedy
  3257 | D:4      | Found a shadowy altar of Dithmenos.
  3316 | D:4      | Noticed Natasha
  3379 | Temple   | Killed Natasha
  3450 | Temple   | Noticed Natasha
  3459 | Temple   | Killed Natasha
  3532 | D:4      | Killed Sigmund
  3532 | D:4      | Reached skill level 1 in Dodging
  3708 | D:4      | Reached XP level 7. HP: 46/52 MP: 9/9
  3976 | D:4      | Found an iron altar of Okawaru.
  3976 | D:4      | Found a shadowy altar of Dithmenos.
  4017 | D:5      | Entered Level 5 of the Dungeon
  4084 | D:5      | Reached skill level 1 in Spellcasting
  4268 | D:5      | Found a blossoming altar of Fedhas.
  4269 | D:5      | Found a white marble altar of Elyvilon.
  4269 | D:5      | Found a shimmering altar of Xom.
  4270 | D:5      | Found a glowing golden altar of the Shining One.
  4270 | D:5      | Found a sacrificial altar of Ru.
  4850 | D:5      | Reached skill level 1 in Polearms
  4856 | D:5      | Reached XP level 8. HP: 25/61 MP: 12/12
  5208 | D:6      | Reached skill level 5 in Fighting
  5534 | D:6      | Noticed Grinder
  5545 | D:6      | Killed Grinder
  5545 | D:6      | Reached skill level 2 in Maces & Flails
  5582 | D:6      | Reached skill level 3 in Maces & Flails
  5656 | D:6      | Got a flickering marble ring
  5816 | D:6      | Identified the ring of Trepidation {rF- rC+ Dex+8} (You
                  | found it on level 6 of the Dungeon)
  6065 | D:6      | Reached skill level 4 in Maces & Flails
  6169 | D:6      | Reached XP level 9. HP: 43/69 MP: 13/13
  6383 | D:7      | Noticed Joseph
  6471 | D:7      | Noticed Prince Ribbit
  6472 | D:7      | Noticed Prince Ribbit
  6472 | D:7      | Prince Ribbit changed into Prince Ribbit the meliai
  6474 | D:7      | Noticed Prince Ribbit
  6474 | D:7      | Prince Ribbit the meliai changed into Prince Ribbit the
                  | harpy
  6486 | D:7      | Killed Prince Ribbit the harpy
  6486 | D:7      | Reached skill level 5 in Maces & Flails
  6594 | D:7      | Noticed Harold
  6730 | D:7      | Killed Joseph
  6730 | D:7      | Reached skill level 6 in Maces & Flails
  6763 | D:7      | Reached skill level 7 in Maces & Flails
  7023 | D:7      | Killed from afar by a steam dragon

Vault maps used:
D:1:      matt_arrival_los_fun, chequers_serial_rivers_small_a,
          minmay_misc_feat_more_columns
D:3:      portal_sewer_entry_e
D:4:      gammafunk_temple_overflow_statue, minmay_temple_entry_overgrown,
          st_stairs_8, nicolae_dithmenos_shadow_blocks, uniq_natasha,
          uniq_sigmund
D:5:      grunt_temple_overflow_open, first_ration
D:6:      grunt_decor_mini_mirrors, uniq_grinder
D:7:      uniq_crazy_yiuf_cottage, uniq_joseph, uniq_harold, uniq_prince_ribbit1
Temple:   minmay_temple_curvy_branch
Sewer:    sewer_co_purgy_island

Skill      XL: |  1  2  3  4  5  6  7  8  9 |
---------------+----------------------------+-----
Staves         | 2 3 |  3.0
Fighting       | 3 4 6 |  6.2
Evocations     | 2 3 4 |  4.0
Necromancy     | 2 |  2.0
Armour         | 2 |  2.0
Dodging        | 2 3 |  3.0
Spellcasting   | 3 |  3.1
Polearms       | 2 |  2.2
Maces & Flails | 4 7 |  7.0
Crossbows      | |  1.5
Stealth        | |  1.0

Action                   |  1- 3 |  4- 6 |  7- 9 || total
-------------------------+-------+-------+-------++-------
Melee: Quarterstaff      |    93 |   126 |   126 ||   345
       Trident           |       |       |    35 ||    35
       Morningstar       |       |       |   212 ||   212
 Cast: Animate Skeleton  |       |     8 |       ||     8
       Pain              |       |       |     3 ||     3
Invok: Call Merchant     |       |       |     1 ||     1
Evoke: Wand              |       |     5 |    20 ||    25
  Use: Scroll            |     6 |     2 |     6 ||    14
 Stab: Paralysed         |       |    19 |    35 ||    54
       Sleeping          |       |     1 |     2 ||     3
Armor: Robe              |    17 |    10 |       ||    27
       Troll leather arm |       |    25 |   158 ||   183
Dodge: Dodged            |    72 |    75 |   331 ||   478

Table legend:
 A = Non-vault XP
 B = Vault XP
 C = Vault XP percentage of total XP
 D = Non-vault monster count
 E = Vault monster count
 F = Vault count percentage of total count
                 A         B        C        D         E       F
            +---------+---------+-------+---------+---------+-------
      Total |    2745 |    1727 |  38.6 |     118 |      12 |   9.2
            +---------+---------+-------+---------+---------+-------
        D:1 |      33 |       0 |   0.0 |      11 |       0 |   0.0
        D:2 |      49 |       0 |   0.0 |      14 |       0 |   0.0
        D:3 |     125 |       0 |   0.0 |      21 |       0 |   0.0
        D:4 |     219 |     255 |  53.8 |      18 |       2 |  10.0
        D:5 |     882 |       0 |   0.0 |      24 |       0 |   0.0
        D:6 |     875 |     258 |  22.8 |      19 |       1 |   5.0
        D:7 |     492 |    1091 |  68.9 |       9 |       2 |  18.2
     Temple |      70 |       0 |   0.0 |       2 |       0 |   0.0
      Sewer |       0 |     123 | 100.0 |       0 |       7 | 100.0
            +---------+---------+-------+---------+---------+-------
